 Dungeon Crawl Stone Soup version 0.28-a0-793-g31680bbd8b (webtiles) character file.

Game seed: 3265970783645704963

12106 gimp the Cleaver (level 11, -3/84 HPs)
             Began as a Demonspawn Cinder Acolyte on Nov 3, 2021.
             Was a High Priest of Ignis.
             Slain by a minotaur (14 damage)
             ... in a Gauntlet.
             The game lasted 00:22:45 (13571 turns).

gimp the Cleaver (Demonspawn Cinder Acolyte)       Turns: 13571, Time: 00:22:46

Health: -3/84      AC: 12    Str: 22    XL:     11   Next: 58%
Magic:  0/19       EV: 19    Int: 15    God:    Ignis [*****.]
Gold:   564        SH:  4    Dex: 11    Spells: 18/21 levels left

rFire   + + .      SeeInvis .   m - +3 broad axe (vamp)
rCold   + . .      Faith    .   G - +0 buckler
rNeg    . . .      Spirit   +   N - +0 swamp dragon scales
rPois   +          Reflect  .   (helmet restricted)
rElec   +          Harm     .   J - scarf {repulsion}
rCorr   +          Rampage  .   o - +0 pair of gloves
Will    .....      NoTele   +   (no boots)
Stlth   +.........              c - amulet of guardian spirit
HPRegen 0.24/turn               b - +4 ring of evasion
MPRegen 0.16/turn               P - +6 ring of strength

@: mighty, agile, resistant, repel missiles
A: antennae 2, molten scales 2, powered by death 2, powered by pain 1
a: Renounce Religion, Sea of Fire, Foxfire Swarm, Rising Flame


You were in a Gauntlet.
You worshipped Ignis.
Ignis was extremely pleased with you.
You visited 1 branch of the dungeon, and saw 11 of its levels.
You also visited: Gauntlet.

You collected 725 gold pieces.
You spent 161 gold pieces at shops.

Inventory:

Hand Weapons
 a - the +9 mace of the Lair of Beasts {vorpal, rElec rF++ Dex-4}
   (You took it off a hobgoblin on level 3 of the Dungeon)

   It inflicts extra damage upon your enemies.
   Dex:       It affects your dexterity (-4).
   rF:        It greatly protects you from fire.
   rElec:     It insulates you from electricity.
 j - a -1 falchion of flaming
 m - a +3 vampiric broad axe (weapon)
 x - a +2 dagger of draining
Missiles
 d - 68 poisoned darts (quivered)
 g - 6 javelins
Armour
 o - a +0 pair of gloves (worn)
 v - the +3 leather armour "Duocix" {rPois Will+}
   (You bought it in a shop on level 3 of the Dungeon)

   rPois:     It protects you from poison.
   Will:      It increases your willpower.
 y - a +0 cloak
 C - the +0 pair of gloves "Sianomn" {rF- rN+ Dex+7 Stlth+}
   (You found it in a Gauntlet)

   Dex:       It affects your dexterity (+7).
   rF:        It makes you vulnerable to fire.
   rN:        It protects you from negative energy.
   Stlth:     It makes you more stealthy.
 F - a +2 plate armour of poison resistance
 G - a +0 buckler (worn)
 I - a +0 plate armour of cold resistance
 J - a scarf of repulsion (worn)
 N - +0 swamp dragon scales (worn)
Jewellery
 b - a +4 ring of evasion (left hand)
 c - an amulet of guardian spirit (around neck)
 t - a ring of poison resistance
 D - a ring of ice
 P - a +6 ring of strength (right hand)
Wands
 e - a wand of polymorph (3)
 w - a wand of digging (5)
 K - a wand of paralysis (6)
 L - a wand of flame (30)
Scrolls
 f - 4 scrolls of fear
 u - a scroll of teleportation
Potions
 h - a potion of ambrosia
 i - 4 potions of flight
 k - 2 potions of cancellation
 l - 2 potions of attraction
 n - 2 potions of resistance
 p - a potion of curing {unknown}
 q - a potion of might
 r - a potion of mutation
 s - 2 potions of lignification {unknown}
 A - 2 potions of magic
 B - 2 potions of degeneration
Miscellaneous
 O - a phantom mirror (inert)


   Skills:
 - Level 7.0 Fighting
 - Level 2.6 Long Blades
 * Level 12.1 Axes
 - Level 4.5 Armour
 - Level 4.0 Shields
 - Level 5.5 Spellcasting
 - Level 4.0 Conjurations
 - Level 4.0 Fire Magic
 + Level 4.5 Evocations


You had 18 spell levels left.
You knew the following spells:

 Your Spells              Type           Power      Damage    Failure   Level
a - Scorch                Fire           32%        2d7       7%          2
b - Foxfire               Conj/Fire      64%        2x1d7     4%          1

Your spell library contained the following spells:

 Spells                   Type           Power      Damage    Failure   Level
 Magic Dart               Conj           64%        1d6       4%          1
 Searing Ray              Conj           32%        2d5       7%          2
 Conjure Flame            Conj/Fire      16%        6-21      14%         3
 Inner Flame              Hex/Fire       10%        N/A       32%         3
 Sublimation of Blood     Necr           4%         N/A       36%         2
 Wereblood                Tmut           4%         N/A       36%         2
 Flame Wave               Conj/Fire      16%        3d5       43%         4
 Fulminant Prism          Conj/Hex       5%         3d7       71%         4
 Cause Fear               Hex            2%         N/A       94%         4
 Dragon Form              Tmut           2%         N/A       100%        7
 Summon Hydra             Summ           2%         N/A       100%        7
 Dragon's Call            Summ           2%         N/A       100%        9


Dungeon Overview and Level Annotations

Branches:
Dungeon (11/15)            Temple (0/1) D:7            Lair (0/6) D:10
    Orc (0/2) D:9         Gauntlet (1/1)

Altars:
Cheibriados
Elyvilon
Fedhas
Gozag
Kikubaaqudgha
Makhleb
Nemelex Xobeh
Sif Muna
Uskayaw
Vehumet
Wu Jian
Yredelemnul
Zin

Shops:
D:1 [[*(   D:3 *   D:9 [

Portals:
Bailey: D:11

Annotations:
Gauntlet 11 transporters, exclusions: obsidian statue and oklob plant


Innate Abilities, Weirdness & Mutations

You have a pair of antennae on your head.
You are mostly covered in molten scales. (AC +3)
You regenerate health from kills.
You sometimes gain a little power by taking damage.


Message History

The minotaur freezes you. The minotaur gores you!
You take 22 damage, and have 35/84 hp.
MASSIVE DAMAGE!!
You now have 6/19 mp.
You hit the minotaur.
You feel better.
The minotaur is moderately wounded.
The minotaur misses you. The minotaur gores you.
You take 3 damage, and have 32/84 hp.
You now have 5/19 mp.
You barely miss the minotaur.
The minotaur is moderately wounded.
The minotaur hits you with a staff of cold.
The minotaur completely misses you.
You take 3 damage, and have 29/84 hp.
You barely miss the minotaur.
The minotaur is moderately wounded.
The minotaur hits you with a staff of cold!
* * * LOW HITPOINT WARNING * * *
The minotaur freezes you.
* * * LOW HITPOINT WARNING * * *
The minotaur gores you but does no damage.
You take 11 damage, and have 18/84 hp.
You now have 3/19 mp.
You feel much better. The minotaur closely misses you.
The minotaur gores you but does no damage.
You regained 17 hp, and now have 35/84 hp.
You hit the minotaur.
The minotaur is moderately wounded.
The minotaur hits you with a staff of cold.
The minotaur freezes you. You block the minotaur's attack.
You take 3 damage, and have 32/84 hp.
You hit the minotaur.
The minotaur is heavily wounded.
The minotaur barely misses you. x2
You barely miss the minotaur.
The minotaur furiously retaliates!
The minotaur headbutts you!
* * * LOW HITPOINT WARNING * * *
The minotaur is heavily wounded.
The minotaur hits you with a staff of cold!
* * * LOW HITPOINT WARNING * * *
The minotaur freezes you.
* * * LOW HITPOINT WARNING * * *
The minotaur gores you!
You die...

##.###########.###########.######
.................................
.............≈∩≈.................
#################################
# #8##§§..............§##8# #8# #
# ####8..©.©.©.©.©.©..8#### ### #
#≈...............§#
###.#.#######.#§### #.#..
#.@..#.# #H##.#.# ... ....# ##'#
..#.# 8. #..#.# #.. #... # #8
#.8# #[ ##


You could see a minotaur.

Vanquished Creatures
  Erolcha (D:10)
  2 two-headed ogres
  A hell hog (Gauntlet)
  A soul eater (Gauntlet)
  An orc sorcerer (D:8)
  2 gargoyles
  A smoke demon (Gauntlet)
  Maggie (D:9)
  A red devil (Gauntlet)
  A hornet (D:11)
  Sigmund (D:5)
  11 yaks
  A wyvern (D:9)
  5 vampire mosquitoes (D:10)
  2 fire bats (Gauntlet)
  Menkaure (D:7)
  2 acid dragons
  2 hell hounds (Gauntlet)
  A water moccasin (D:5)
  4 orc warriors
  An ice beast (D:4)
  4 centaurs
  A phantom (D:2)
  3 kobold brigands
  2 gnoll sergeants
  A wyvern zombie (D:7)
  5 bullfrogs
  4 scorpions
  A water moccasin zombie (D:5)
  6 wights
  5 killer bees (D:9)
  2 electric eels
  5 howler monkeys
  4 centaur zombies
  4 crimson imps (Gauntlet)
  A bullfrog zombie (D:6)
  A hound (D:7)
  2 jellies
  Crazy Yiuf (D:6)
  An orc priest (D:7)
  A gnoll shaman (D:5)
  3 iguanas (D:6)
  5 orc wizards
  A howler monkey zombie (D:5)
  9 gnolls
  10 adders
  A howler monkey skeleton (D:4)
  2 shadow imps
  An ufetubus (D:4)
  2 dart slugs
  22 orcs
  8 ball pythons
  7 endoplasms
  5 giant cockroaches
  13 goblins
  4 hobgoblins
  3 jackals (D:2)
  3 quokkas
  2 bats (D:3)
  5 frilled lizards
  18 kobolds
  3 rats
224 creatures vanquished.

Vanquished Creatures (others)
  22 demonic plants (Gauntlet)
  189 foxfires
  3 fungi (D:10)
  2 plants (D:10)
216 creatures vanquished.

Grand Total: 440 creatures vanquished

Notes
Turn   | Place    | Note
-------+----------+-------------------------------------------
     0 | D:1      | gimp the Demonspawn Cinder Acolyte began the quest for the
                  | Orb.
     0 | D:1      | Reached XP level 1. HP: 18/18 MP: 2/2
   105 | D:1      | Found Irics's Assorted Antiques.
   423 | D:1      | Found Boguty's Armour Shop.
   604 | D:1      | Gained mutation: You sometimes gain a little power by
                  | taking damage. [demonic ancestry]
   604 | D:1      | Reached XP level 2. HP: 19/24 MP: 3/3
   802 | D:1      | Found Sedona's Armour Shop.
  1160 | D:1      | Found a faded altar of an unknown god.
  1547 | D:1      | Found Buxkiu's Weapon Shop.
  1707 | D:2      | Learned a level 2 spell: Scorch
  1977 | D:2      | Gained mutation: You are partially covered in molten
                  | scales. (AC +2) [demonic ancestry]
  1977 | D:2      | Reached XP level 3. HP: 25/31 MP: 4/4
  2748 | D:2      | Gained mutation: You are mostly covered in molten scales.
                  | (AC +3) [demonic ancestry]
  2748 | D:2      | Reached XP level 4. HP: 38/38 MP: 5/5
  2866 | D:3      | Found a basalt altar of Yredelemnul.
  2929 | D:3      | Reached skill level 5 in Fighting
  2953 | D:3      | Found an ornate altar of the Wu Jian Council.
  2996 | D:3      | Noticed a bullfrog
  3007 | D:3      | Killed a bullfrog
  3150 | D:3      | Found Pioriq's Assorted Antiques.
  3176 | D:3      | Reached XP level 5. HP: 41/46 MP: 6/6
  3224 | D:3      | Noticed a phantom
  3465 | D:2      | Killed a phantom
  3774 | D:3      | Learned a level 1 spell: Foxfire
  3895 | D:3      | Found an opulent altar of Gozag.
  4175 | D:4      | Identified the +9 mace of the Lair of Beasts {vorpal, rElec
                  | rF++ Dex-4}
  4644 | D:4      | Reached XP level 6. HP: 30/53 MP: 7/7
  4646 | D:4      | Noticed an ice beast
  4707 | D:3      | Bought a translucent leather armour for 161 gold pieces
  4707 | D:3      | Identified the +3 leather armour "Duocix" {rPois Will+}
                  | (You bought it in a shop on level 3 of the Dungeon)
  4953 | D:4      | Found a blossoming altar of Fedhas.
  5093 | D:4      | Killed an ice beast
  5237 | D:4      | Found a snail-covered altar of Cheibriados.
  5335 | D:5      | Entered Level 5 of the Dungeon
  5379 | D:5      | Reached skill level 1 in Conjurations
  5620 | D:5      | Gained mutation: You have a pair of small antennae on your
                  | head. [demonic ancestry]
  5620 | D:5      | Reached XP level 7. HP: 50/60 MP: 4/9
  6184 | D:5      | Noticed Sigmund
  6203 | D:5      | Killed Sigmund
  6204 | D:5      | Gained mutation: You regenerate a little health from kills.
                  | [demonic ancestry]
  6204 | D:5      | Reached XP level 8. HP: 67/67 MP: 0/13
  6637 | D:6      | Found a hide-covered altar of Uskayaw.
  6804 | D:6      | Reached skill level 5 in Spellcasting
  7014 | D:6      | Identified the +1 dagger of Eternity {spect, Fly Int+3}
  7192 | D:6      | Found a runed translucent door.
  7193 | D:6      | Noticed Crazy Yiuf
  7269 | D:6      | Reached skill level 1 in Axes
  7284 | D:6      | Found a burning altar of Makhleb.
  7284 | D:6      | Found a faded altar of an unknown god.
  7296 | D:6      | Found a sparkling altar of Nemelex Xobeh.
  7298 | D:6      | Found an ancient bone altar of Kikubaaqudgha.
  7382 | D:6      | Killed Crazy Yiuf
  7383 | D:6      | Reached skill level 1 in Armour
  7450 | D:7      | Reached skill level 2 in Axes
  7457 | D:6      | Reached skill level 3 in Axes
  7473 | D:6      | Reached skill level 4 in Axes
  7473 | D:6      | Gained mutation: You regenerate health from kills. [demonic
                  | ancestry]
  7473 | D:6      | Reached XP level 9. HP: 25/72 MP: 6/17
  7856 | D:7      | Reached skill level 5 in Axes
  7920 | D:7      | Found a staircase to the Ecumenical Temple.
  8404 | D:7      | Noticed Menkaure
  8410 | D:7      | Killed Menkaure
  8784 | D:8      | Reached skill level 6 in Axes
  9289 | D:8      | Reached skill level 1 in Shields
  9569 | D:8      | Reached skill level 7 in Axes
  9762 | D:8      | Found a shimmering blue altar of Sif Muna.
 10245 | D:9      | Found Hiphiss's Armour Boutique.
 10246 | D:9      | Found a staircase to the Orcish Mines.
 10334 | D:9      | Gained mutation: You have a pair of antennae on your head.
                  | [demonic ancestry]
 10334 | D:9      | Reached XP level 10. HP: 79/79 MP: 18/18
 10342 | D:9      | Noticed a two-headed ogre
 10353 | D:9      | Killed a two-headed ogre
 10354 | D:9      | Reached skill level 8 in Axes
 10567 | D:9      | Noticed an orc sorcerer
 10600 | D:8      | Noticed an orange demon
 10601 | D:8      | Killed an orc sorcerer
 10846 | D:9      | Noticed Maggie
 10864 | D:9      | Killed Maggie
 11371 | D:9      | Found a radiant altar of Vehumet.
 11381 | D:9      | Reached skill level 9 in Axes
 11688 | D:10     | Entered Level 10 of the Dungeon
 11694 | D:10     | Noticed Erolcha
 11874 | D:10     | Killed Erolcha
 11875 | D:10     | Reached skill level 10 in Axes
 11908 | D:10     | Reached skill level 1 in Evocations
 11911 | D:10     | Reached XP level 11. HP: 17/84 MP: 5/19
 12493 | D:10     | Noticed a two-headed ogre
 12505 | D:10     | Killed a two-headed ogre
 12506 | D:10     | Reached skill level 11 in Axes
 12770 | D:10     | Found a staircase to the Lair.
 12992 | D:11     | Found a flagged portal.
 13035 | D:11     | Found a gate leading to a gauntlet.
 13046 | Gauntlet | Entered a Gauntlet
 13046 | Gauntlet | Found a transporter.
 13050 | Gauntlet | Noticed a soul eater
 13055 | Gauntlet | Found a transporter.
 13070 | Gauntlet | Found a transporter.
 13074 | Gauntlet | Noticed a quicksilver ooze
 13074 | Gauntlet | Noticed a hell hog
 13075 | Gauntlet | Found a transporter.
 13090 | Gauntlet | Found a transporter.
 13109 | Gauntlet | Found a transporter.
 13117 | Gauntlet | Noticed a wretched star
 13121 | Gauntlet | Found a transporter.
 13133 | Gauntlet | Found a transporter.
 13133 | Gauntlet | Noticed an obsidian statue
 13145 | Gauntlet | Found a transporter.
 13157 | Gauntlet | Found a transporter.
 13175 | Gauntlet | Found a transporter.
 13192 | Gauntlet | Found a transporter.
 13194 | Gauntlet | Found a transporter.
 13195 | Gauntlet | Noticed an oklob plant
 13224 | Gauntlet | Found a transporter.
 13226 | Gauntlet | Found a transporter.
 13226 | Gauntlet | Found a transporter.
 13249 | Gauntlet | Found a transporter.
 13292 | Gauntlet | HP: 1/79 [soul eater/drain life (14)]
 13308 | Gauntlet | Killed a soul eater
 13549 | Gauntlet | Killed a hell hog
 13550 | Gauntlet | Reached skill level 12 in Axes
 13553 | Gauntlet | Identified the +11 war axe "Joengin" {holy, rN+}
 13554 | Gauntlet | Identified the +0 pair of gloves "Sianomn" {rF- rN+ Dex+7
                  | Stlth+}
 13560 | Gauntlet | Noticed a minotaur
 13571 | Gauntlet | Slain by a minotaur

Illustrated notes

Levels and vault maps discovered:
D:1:      scummos_arrival_simple_crosswalls, layout_basic, serial_shops, shop,
          nicolae_shop_behind_doors, nicolae_shop_competitors_out_of_business,
          shop_statue, shapermc_ecumenical_altar_mp_vishouse
D:2:      layout_basic, basic_altar
D:3:      layout_rooms, mainiacjoe_overflow_alcove_1, lemuel_crystal_altar,
          grunt_gozag_statues, serial_shops, shop, minmay_diced_spiral
D:4:      layout_rooms, fedhas_altar_1, mainiacjoe_overflow_two_lobes
D:5:      layout_rooms, uniq_sigmund
D:6:      layout_cave_pools, nicolae_uskayaw_dance_studio,
          chequers_temple_overflow_minitemple, uniq_crazy_yiuf_cottage
D:7:      layout_basic, minmay_temple_entry_waves, uniq_menkaure
D:8:      layout_cave_pools, old_standard_altar, serial_park,
          serial_park_tiny_2, serial_park_square2, serial_park_square3
          [serial_park_minivault_5x5_2], serial_park_tiny_pond,
          serial_park_square1 [serial_park_minivault_5x5_2]
D:9:      cheibrodos_wizards_tower, layout_loops_ring,
          mainiacjoe_overflow_alcove_4, orc_david_3, uniq_maggie
D:10:     layout_big_octagon, grunt_lair_entry_orc_guard_hut, uniq_erolcha
D:11:     layout_basic, gauntlet_entry_generic, enter_bailey_5, tgw_xom
Gauntlet: gammafunk_gauntlet_one_two_three [nicolae_gauntlet_swirl,
          gammafunk_gauntlet_arena_grid, nicolae_gauntlet_arena_x,
          gammafunk_gauntlet_arena_hedges, gammafunk_gauntlet_arena_split_x,
          gammafunk_gauntlet_arena_crates, nicolae_gauntlet_arena_grate_2,
          gammafunk_gauntlet_arena_corners,
          gammafunk_gauntlet_arena_split_diamond,
          nicolae_gauntlet_exit_dead_adventurers]

Skill      XL: |  1  2  3  4  5  6  7  8  9 10 11 |
---------------+----------------------------------+-----
Fighting       | 4 5 6 7 |  7.0
Fire Magic     | 4 |  4.0
Conjurations   | 1 4 |  4.0
Spellcasting   | 3 5 |  5.5
Axes           | 4 7 10 12 | 12.1
Armour         | 2 4 |  4.5
Shields        | 2 4 |  4.0
Evocations     | 1 4 |  4.5
Long Blades    | |  2.6

Action                   |  1- 3 |  4- 6 |  7- 9 | 10-12 || total
-------------------------+-------+-------+-------+-------++-------
Melee: Falchion          |    68 |    14 |       |       ||    82
       Short sword       |    73 |    58 |       |       ||   131
       Mace              |       |    44 |   267 |   130 ||   441
       Unarmed           |       |       |     2 |       ||     2
       Broad axe         |       |       |       |   117 ||   117
Throw: Dart              |       |       |       |    10 ||    10
 Cast: Scorch            |       |    13 |     3 |       ||    16
       Foxfire           |       |    23 |    62 |       ||    85
Invok: Foxfire Swarm     |       |       |       |     2 ||     2
Evoke: Wand              |       |       |     6 |     9 ||    15
       Phantom mirror    |       |       |       |     1 ||     1
  Use: Scroll            |       |       |    11 |     4 ||    15
       Potion            |       |       |       |    12 ||    12
 Stab: Paralysed         |       |       |       |     9 ||     9
Armor: Robe              |    38 |    43 |       |       ||    81
       Leather armour    |       |    17 |   116 |       ||   133
       Skin              |       |       |     1 |       ||     1
       Plate armour      |       |       |   147 |    28 ||   175
       Swamp dragon scal |       |       |       |   105 ||   105
Dodge: Dodged            |    91 |    86 |   193 |   226 ||   596
       Repelled          |       |       |       |     1 ||     1
Block: Buckler           |       |       |    20 |    59 ||    79

Table legend: (Time is in decaauts)
 A = Elapsed time spent in this place.
 B = Non-inter-level travel time spent in this place.
 C = Inter-level travel time spent in this place.
 D = Time resting spent in this place.
 E = Time spent auto-exploring this place.
 F = Levels seen in this place.
 G = Mean time per level.
                   A        B        C        D        E       F      G
               +--------+--------+--------+--------+--------+-----+--------+
         Total |  13704 |  13361 |    343 |   1671 |   8884 |  12 | 1142.0 |
       Dungeon |  13195 |  12852 |    343 |   1471 |   8884 |  11 | 1199.5 |
      Gauntlet |    508 |    508 |      0 |    200 |      0 |   1 |  508.0 |
               +--------+--------+--------+--------+--------+-----+--------+

Top non-repeatable levels by time:
     D:9: 1869 daAuts
     D:2: 1663 daAuts
     D:1: 1630 daAuts
     D:6: 1624 daAuts
     D:7: 1429 daAuts
     D:4: 1382 daAuts
     D:3: 1118 daAuts
    D:10: 833 daAuts
     D:8: 803 daAuts
     D:5: 739 daAuts
Gauntlet: 508 daAuts
    D:11: 102 daAuts
